 Dungeon Crawl Stone Soup version 0.23.2-40-g277498a001 (webtiles) character file.

Game seed: 16293839742704369252

2132 Curus the Martial Artist (level 9, 0/59 HPs)
             Began as a Merfolk Transmuter on Sept 20, 2019.
             Was a Believer of Okawaru.
             Succumbed to a worker ant's poison
             ... on level 6 of the Dungeon.
             The game lasted 00:36:23 (6572 turns).

Curus the Martial Artist (Merfolk Transmuter)       Turns: 6572, Time: 00:36:24

Health: 0/59       AC:  2    Str: 10    XL:     9   Next: 30%
Magic:  20/22      EV: 27    Int: 22    God:    Okawaru [**....]
Gold:   322        SH:  0    Dex: 19    Spells: 4/13 levels left

rFire    . . .     SeeInvis .     - Unarmed
rCold    . . .     Gourm    .   (shield currently unavailable)
rNeg     . . .     Faith    .   (armour currently unavailable)
rPois    x         Spirit   .   (helmet currently unavailable)
rElec    .         Reflect  .   (cloak currently unavailable)
rCorr    .         Harm     .   (gloves currently unavailable)
MR       .....                  (boots currently unavailable)
Stlth    +++.......             h - amulet of magic regeneration
HPRegen  0.19/turn              i - +6 ring of intelligence
MPRegen  0.43/turn              k - ring of magical power

@: lethally poisoned (0 -> -5), spider-form, heroism
A: tiny, (change form in water), (swift swim), (stealthy swim)
a: End Transformation, Heroism, Renounce Religion


You were on level 6 of the Dungeon.
You worshipped Okawaru.
Okawaru was pleased with you.
You were hungry.
You were a venomous arachnid creature.
You visited 2 branches of the dungeon, and saw 7 of its levels.

You collected 322 gold pieces.

Inventory:

Missiles
 a - 12 arrows
Armour
 b - a +0 robe (melded)
Jewellery
 h - an amulet of magic regeneration (around neck)
 i - a +6 ring of intelligence (left front leg)
 k - a ring of magical power (right front leg)
 m - a cursed ring of magical power
Scrolls
 c - 6 scrolls of remove curse
 e - 4 scrolls of teleportation
 f - a scroll of fog
Potions
 j - a potion of flight
Comestibles
 d - 7 rations


   Skills:
 - Level 1.1(6.1) Fighting
 - Level 2.6(7.6) Dodging
 - Level 10.1(15.1) Unarmed Combat
 + Level 2.8 Spellcasting
 - Level 10.0 Transmutations
 - Level 2.5 Poison Magic


You had 4 spell levels left.
You knew the following spells:

 Your Spells              Type           Power        Failure   Level  Hunger
a - Beastly Appendage     Tmut           #####.       2%          1    None
b - Spider Form           Tmut/Pois      ####......   10%         3    ###....
c - Blade Hands           Tmut           #####.....   16%         5    ######.

Your spell library contained the following spells:

 Spells                   Type           Power        Failure   Level  Hunger
 Sticks to Snakes         Tmut           #####...     2%          2    ##.....
 Ice Form                 Ice/Tmut       ####....     34%         4    ####...


Dungeon Overview and Level Annotations

Branches:
Dungeon (6/15)             Temple (1/1) D:4

Altars:
Cheibriados
Dithmenos
Elyvilon
Fedhas
Hepliaklqana
Kikubaaqudgha
Makhleb
Okawaru
Qazlal
Trog
Xom
Yredelemnul
Zin
The Shining One

Annotations:
D:5 Grinder
D:6 exclusion: oklob plant, Prince Ribbit


Innate Abilities, Weirdness & Mutations

((You revert to your normal form in water))
((You are very nimble and swift while swimming.))
((You are very stealthy in the water. (Stealth+)))
((You are partially covered in icy blue scales. (AC +2)))
((You are partially covered in large bone plates. (SH +4)))
((You are partially covered in slimy green scales. (AC +2)))


Message History

The worker ant bites you.
You are poisoned.
The worker ant poisons you! The worker ant misses you.
You bite the worker ant!
You kill the worker ant!
Okawaru accepts your kill.
You feel sick. Prince Ribbit hits you!
You barely miss Prince Ribbit.
Prince Ribbit is moderately wounded.
You feel sick. Prince Ribbit hits you!
* * * LOW HITPOINT WARNING * * *
You closely miss Prince Ribbit.
Prince Ribbit is moderately wounded.
Prince Ribbit hits you!
* * * LOW HITPOINT WARNING * * *
Okay, then.
Unknown command.
Okay, then.
You gain the combat prowess of a mighty hero.
You die...

#.....)....>................
############.#...###...<..##
#..##.###..#..###
##..#.#....#....#
##########.....#.....#..
).......###....#..#.##..
........###.............
........#.........####..
......†s..####..#.# ###
......F..## ##...#
........## ..... ........#
..... ........# .....
######### ...


You could see Prince Ribbit.

Vanquished Creatures
  Eustachio (D:4)
  Duvessa (D:4)
  A sky beast (D:5)
  A phantom (D:5)
  3 ogres
  A necrophage (D:6)
  4 bullfrogs (D:6)
  A water moccasin zombie (D:6)
  Dowan (D:4)
  3 scorpions
  A howler monkey (D:4)
  2 jellies (D:6)
  4 orc priests (D:4)
  4 hounds
  3 orc wizards (D:5)
  2 centaur skeletons
  Jessica (D:3)
  7 worker ants
  3 gnolls (D:3)
  5 adders
  An ooze (D:3)
  An adder zombie (D:5)
  4 worms
  2 dart slugs (D:1)
  4 leopard geckos
  18 orcs
  6 giant cockroaches
  10 goblins
  4 hobgoblins
  2 jackals (D:1)
  13 kobolds
  4 quokkas
  8 bats
  5 frilled lizards
  A jackal skeleton (D:6)
  A leopard gecko skeleton (D:4)
  A quokka skeleton (D:4)
  13 rats
147 creatures vanquished.

Notes
Turn   | Place    | Note
-------+----------+-------------------------------------------
     0 | D:1      | Curus the Merfolk Transmuter began the quest for the Orb.
     0 | D:1      | Reached XP level 1. HP: 15/15 MP: 3/3
   104 | D:1      | Reached XP level 2. HP: 9/21 MP: 3/5
   551 | D:1      | Reached XP level 3. HP: 26/26 MP: 6/6
   556 | D:1      | Learned a level 3 spell: Spider Form
   973 | D:2      | Reached skill level 1 in Poison Magic
  1281 | D:2      | Reached XP level 4. HP: 23/32 MP: 3/7
  1705 | D:3      | Noticed Jessica
  1708 | D:3      | Killed Jessica
  1777 | D:3      | Found a snail-covered altar of Cheibriados.
  1989 | D:3      | Reached XP level 5. HP: 17/37 MP: 6/8
  2217 | D:3      | Reached skill level 5 in Unarmed Combat
  2536 | D:4      | Noticed Eustachio
  2554 | D:4      | Killed Eustachio
  2554 | D:4      | Reached XP level 6. HP: 13/43 MP: 9/9
  2738 | D:4      | Found a staircase to the Ecumenical Temple.
  2748 | Temple   | Entered the Ecumenical Temple
  2755 | Temple   | Became a worshipper of Warmaster Okawaru
  2977 | D:4      | Noticed Dowan
  2977 | D:4      | Noticed Duvessa
  2991 | D:4      | Killed Duvessa
  2991 | D:4      | Reached XP level 7. HP: 18/48 MP: 8/10
  2998 | D:4      | Killed Dowan
  3039 | D:4      | Reached * piety under Okawaru
  3241 | D:4      | Reached XP level 8. HP: 19/54 MP: 6/11
  4218 | D:4      | Found a white marble altar of Elyvilon.
  4303 | D:5      | Entered Level 5 of the Dungeon
  4368 | D:5      | Reached skill level 10 in Unarmed Combat
  4375 | D:5      | Learned a level 5 spell: Blade Hands
  4382 | D:5      | Gained mutation: You are partially covered in slimy green
                  | scales. (AC +2) [potion of mutation]
  4382 | D:5      | Gained mutation: You are partially covered in large bone
                  | plates. (SH +4) [potion of mutation]
  4382 | D:5      | Gained mutation: You are partially covered in icy blue
                  | scales. (AC +2) [potion of mutation]
  4395 | D:5      | Found an ancient bone altar of Kikubaaqudgha.
  4566 | D:5      | Noticed Grinder
  4615 | D:5      | Reached ** piety under Okawaru
  4636 | D:5      | Reached skill level 5 in Transmutations
  5102 | D:5      | Found a shimmering altar of Xom.
  5103 | D:5      | Found a shimmering altar of Xom.
  5103 | D:5      | Found a shimmering altar of Xom.
  5104 | D:5      | Found a shimmering altar of Xom.
  5106 | D:5      | Found a shimmering altar of Xom.
  5745 | D:6      | Found a blossoming altar of Fedhas.
  5774 | D:6      | Noticed an oklob plant
  5882 | D:6      | Reached XP level 9. HP: 30/59 MP: 12/12
  6234 | D:6      | Reached skill level 10 in Transmutations
  6560 | D:6      | Noticed Prince Ribbit
  6571 | D:6      | HP: 1/59 [Prince Ribbit (12)]
  6572 | D:6      | Succumbed to a worker ant's poison

Skill      XL: |  1  2  3  4  5  6  7  8  9 |
---------------+----------------------------+-----
Unarmed Combat | 4 6 7 9 10 | 10.1
Transmutations | 3 4 8 10 | 10.0
Poison Magic   | 1 2 |  2.5
Fighting       | |  1.1
Dodging        | |  2.6
Spellcasting   | |  2.8

Action                   |  1- 3 |  4- 6 |  7- 9 || total
-------------------------+-------+-------+-------++-------
Melee: Unarmed           |   152 |   162 |   247 ||   561
       Punch             |     3 |     1 |     6 ||    10
       Headbutt          |     8 |     4 |    10 ||    22
 Cast: Beastly Appendage |    10 |     6 |     8 ||    24
       Spider Form       |     1 |    10 |    12 ||    23
Invok: Heroism           |       |       |     3 ||     3
  Use: Scroll            |     5 |     2 |     1 ||     8
       Potion            |     3 |     4 |     5 ||    12
 Stab: Sleeping          |     2 |     2 |     1 ||     5
  Eat: Chunk             |     2 |     7 |     9 ||    18
       Ration            |       |       |     1 ||     1
Armor: Robe              |    16 |    12 |    23 ||    51
       Skin              |       |     4 |     5 ||     9
Dodge: Dodged            |    84 |   107 |   132 ||   323
Block: Other             |       |       |     6 ||     6
